Construct Section Command Post
Construct Platoon Command Post
Selects Air and Sea Battlegroup
Selects Commando Section Paradrop
Commando Section Paradrop
Selects M1 Pack Howitzer Paradrop
M1 Pack Howitzer Paradrop
Construct Company Command Post
Commando Section Paradrop
Unlock M3 Grant Medium Tanks
Commando Section Paradrop
Selects Naval Bombardment
Commando Section Paradrop
Commando Section Paradrop
Selects Anti-tank Rocket Loiter